 Dungeon Crawl Stone Soup version 0.31.0-32-g396128a36d (webtiles) character file.

Game seed: 12440853395160759351

88 Fractals the Ruffian (level 4, -12/34 HPs)
             Began as a Demonspawn Shapeshifter on Apr 19, 2024.
             Killed by divine providence
             ... invoked by an orc priest
              (13 damage)
             ... on level 3 of the Dungeon.
             The game lasted 00:04:11 (1937 turns).

Fractals the Ruffian (Demonspawn Shapeshifter)      Turns: 1937, Time: 00:04:12

Health: -12/34     AC:  6    Str: 16    XL:     4   Next: 30%
Magic:  4/4        EV: 11    Int: 10    God:
Gold:   185        SH:  0    Dex: 13    Spells: 3/3 levels left

rFire   . .          .
                       - Unarmed
rCold   . . .        (no shield)
rNeg    + . .        o - +0 ring mail
rPois   .            (helmet currently unavailable)
rElec   .            (cloak currently unavailable)
rCorr   .            (gloves currently unavailable)
SInv    .            (boots currently unavailable)
Will    .....        (no amulet)
Stlth   +            h - ring of positive energy
HPRegen 0.25/turn    (no ring)
MPRegen 0.09/turn

%: no passive effects
@: beast-form
A: beast (slay +1), sharp scales 1
a: Begin Untransformation


You were on level 3 of the Dungeon.
You were a hulking beast.
You visited 1 branch of the dungeon, and saw 3 of its levels.

You collected 185 gold pieces.

Inventory:

Armour
 o - a +0 ring mail (worn)
Jewellery
 h - a ring of positive energy (left hand)
Talismans
 c - a beast talisman
 d - a flux talisman
Scrolls
 a - a scroll of fear {unknown}
 b - a scroll of enchant weapon {unknown}
 f - a scroll of noise {unknown}
 i - a scroll of poison {unknown}
 j - a scroll of immolation {unknown}
 k - a scroll of silence
 m - 2 scrolls of identify {unknown}
Potions
 e - a potion of curing {unknown}
 g - a potion of might {unknown}
 l - 2 potions of heal wounds {unknown}
 n - a potion of mutation {unknown}


   Skills:
 + Level 2.5 Fighting
 - Level 1.7 Dodging
 + Level 3.4 Unarmed Combat
 + Level 3.3 Shapeshifting


You had 3 spell levels left.
You didn't know any spells.
Your spell library contained the following spells:

 Spells                   Type           Power      Damage    Failure   Level
 Slow                     Hex            0%         N/A       58%         1
 Confusing Touch          Hex            0%         N/A       91%         3
 Sigil of Binding         Hex            0%         N/A       91%         3
 Vampiric Draining        Necr           0%         2d6       91%         3


Dungeon Overview and Level Annotations

Branches:
Dungeon (3/15)

Altars:

Shops:
D:1 [

Annotations:
D:1 1 runed translucent door
D:3 3 runed translucent doors, GiantSquids's ghost, amateur HOBe


Innate Abilities, Weirdness & Mutations

You are a hulking beast.
Your limbs bulge with bestial killing power. (Slay +1)
You are partially covered in razor-sharp scales. (AC +1, Slay +1)


Message History

The kobold brigand shouts!
The kobold shouts!
The kobold shouts!
You hear a shout!
The kobold shouts!
GiantSquids's ghost turns its malevolent gaze towards you.
You hear a shout!
The kobold shouts!
GiantSquids's ghost screams in joy, "As in life, so in death: Kill!
Kill!!
Kill!!!"
GiantSquids's ghost whispers, "There is no future for you." 2 orcs and 2 orc priests come into view.
Found a book of Displacement.
The orc shouts! x2; The orc priest shouts! x2; You hear a shout!
The orc priest begins to cast a cantrip, but forgets the words!
The orc barely misses you.
You hit the orc.
The orc is heavily wounded.
The orc priest begins to cast a cantrip, but forgets the words!
The orc closely misses you.
You barely miss the orc.
The orc is heavily wounded.
The orc priest begins to cast a cantrip, but forgets the words!
The orc hits you with a +0 flail.
You hit the orc.
You kill the orc!
The orc priest mumbles some strange prayers to Beogh against you.
Pain shoots through your body!
The orc priest calls down the wrath of Beogh upon you.
Beogh smites you!
Things that are here:
a +0 flail; an orc corpse You hit the orc priest.
The orc priest is lightly wounded.
The orc priest hits you but does no damage.
You hit the orc priest.
The orc priest is heavily wounded.
The orc priest mumbles some strange prayers to Beogh against you.
Beogh smites you!
* * * LOW HITPOINT WARNING * * *
The orc priest invokes the aid of Beogh against you.
Beogh smites you!
You die...

#.[...##.#####.###..#.#.#
...#................#...#
.. #####.#####....#.###.#
. #.####..##.#<....#
#..........#.#####
#..##+++##.......#
#.##KKK..##..#####
#.#W#KKK#.#.....#
#h#⌠K#.#.⌠#.....##
#o#.#...#.#.....#.
#o##.....###....#.
.......o.##...###.......
...o......##### #.......
..o......... #.......
.o.o......... #.......
..............# #.......
..............# #.......


You could see 2 orc priests and an orc.

Vanquished Creatures
  An orc priest (D:3)
  An adder (D:3)
  A dart slug (D:2)
  3 orcs
  A ball python (D:2)
  3 bats (D:3)
  5 endoplasms
  4 giant cockroaches
  4 goblins
  5 hobgoblins
  2 kobolds
  2 quokkas
  A frilled lizard (D:2)
  8 rats
41 creatures vanquished.

Notes
Turn   | Place    | Note
-------+----------+-------------------------------------------
     0 | D:1      | Fractals the Demonspawn Shapeshifter began the quest for
                  | the Orb.
     0 | D:1      | Reached XP level 1. HP: 15/15 MP: 1/1
     1 | D:1      | Found a runed translucent door.
     2 | D:1      | Noticed a jelly
   307 | D:1      | Gained mutation: You are partially covered in razor-sharp
                  | scales. (AC +1, Slay +1) [demonic ancestry]
   307 | D:1      | Reached XP level 2. HP: 10/21 MP: 2/2
   651 | D:1      | Found Woh Vimp's Armour Boutique.
  1048 | D:2      | Reached XP level 3. HP: 27/27 MP: 3/3
  1145 | D:2      | Found a faded altar of an unknown god.
  1208 | D:3      | Noticed GiantSquids's ghost (amateur HOBe)
  1277 | D:3      | Noticed a kobold brigand
  1278 | D:3      | Found a runed translucent gate.
  1278 | D:3      | Found a runed translucent gate.
  1278 | D:3      | Found a runed translucent gate.
  1713 | D:3      | Reached XP level 4. HP: 28/34 MP: 4/4
  1937 | D:3      | HP: 1/34 [orc priest/divine providence (12)]
  1937 | D:3      | Killed from afar by an orc priest

Illustrated notes

Levels and vault maps discovered:
D:1:      dpeg_arrival_caged_fury, layout_basic, serial_shops,
          nicolae_shop_tiny_statue_garden, serial_park_tiny_pond,
          chequers_avenue
D:2:      layout_rooms, dreamdust_ecumenical_altar_grove
D:3:      layout_basic, serial_shops, shop, gammafunk_ghost_nasty_kobolds,
          dreamdust_mushroom_princess, dk_noncrumbling_2, hex_tiny,
          fountainhead, uniq_sigmund

Skill      XL: |  1  2  3 |
---------------+----------+-----
Shapeshifting  | 3 |  3.3
Unarmed Combat | 3 |  3.4
Fighting       | 2 |  2.5
Dodging        | |  1.7

Action                     |  1- 3 |  4- 6 || total
---------------------------+-------+-------++-------
  Melee: Unarmed           |   101 |     9 ||   110
         Punch             |     1 |       ||     1
    Use: Potion            |     1 |       ||     1
         Scroll            |     1 |       ||     1
 Armour: Animal skin       |     5 |       ||     5
         Skin              |     1 |       ||     1
         Leather armour    |    25 |       ||    25
         Ring mail         |    14 |     4 ||    18
  Dodge: Dodged            |    65 |     3 ||    68
